 Dungeon Crawl Stone Soup version 0.27-a0-1579-g97d2440184 (webtiles) character file.

Game seed: 10228442768220387030

3 Sobieck the Insei (level 1, -2/13 HPs)
             Began as an Octopode Transmuter on July 17, 2021.
             Killed from afar by a dart slug (4 damage)
             ... with a slug dart
             ... on level 1 of the Dungeon.
             The game lasted 00:00:52 (88 turns).

Sobieck the Insei (Octopode Transmuter)               Turns: 88, Time: 00:00:53

Health: -2/13      AC:  1    Str:  9    XL:     1   Next: 50%
Magic:  2/3        EV: 13    Int: 15    God:
Gold:   17         SH:  0    Dex: 12    Spells: 3/4 levels left

rFire    . . .     SeeInvis .     - Unarmed
rCold    . . .     Faith    .   (no shield)
rNeg     . . .     Spirit   .   (helmet restricted)
rPois    .         Reflect  .   (no amulet)
rElec    .         Harm     .   (no ring)
rCorr    .         Rampage  .   (no ring)
Will     .....                  (no ring)
Stlth    ++........             (no ring)
HPRegen  0.04/turn              (no ring)
MPRegen  0.08/turn              (no ring)
                                (no ring)
                                (no ring)

@: very slightly contaminated
A: almost no armour, amphibious, 8 rings, camouflage 1, gelatinous body 1,
(nimble swimmer 1), tentacles
a: no special abilities


You were on level 1 of the Dungeon.
You visited 1 branch of the dungeon, and saw 1 of its levels.

You collected 17 gold pieces.


Innate Abilities, Weirdness & Mutations

You cannot wear most types of armour.
You are amphibious.
You can wear up to eight rings at the same time.
Your skin changes colour to match your surroundings (Stealth+).
Your rubbery body absorbs attacks. (AC +1, EV +1)
((You are camouflaged near water. (Stealth+)))
You have tentacles for arms and can constrict up to eight enemies at once.


   Skills:
 + Level 1.1 Fighting
 + Level 2.0 Dodging
 + Level 3.0 Unarmed Combat
 - Level 2.0 Spellcasting
 + Level 2.0 Transmutations


You had 3 spell levels left.
You knew the following spells:

 Your Spells              Type           Power      Damage    Failure   Level
a - Beastly Appendage     Tmut           14%        N/A       10%         1

Your spell library contained the following spells:

 Spells                   Type           Power      Damage    Failure   Level
 Wereblood                Tmut           7%         N/A       14%         2
 Spider Form              Tmut/Pois      2%         N/A       41%         3
 Ice Form                 Ice/Tmut       4%         N/A       82%         4

Inventory:

Missiles
 a - 14 arrows

Dungeon Overview and Level Annotations

Branches:
Dungeon (1/15)

Altars:

#......# #.....
#......# #....>
#......# #.....#
#......#. .......
......... .......
#.b....#.
#.>....###..:.....
#.......).@w......
#####.†####.###..
##)# ##
#######.###....
#..............
##.######.####.#
### ##..# .# #8#
#..## .# #.#
###.### .# ###.###


You could see a dart slug and a bat.


Message History

You add the spells Beastly Appendage, Wereblood, Spider Form and Ice Form to your library. 🤖 Initializing magus.rc ...
Options error: Delay interrupt name "hungry" not recognised. (~/.crawlrc:4781) ✅ Successfully initialized magus.rc [v1.9.6] Welcome, Sobieck the Octopode Transmuter.
Will you prevail where others failed? Will you find the Orb of Zot?
Press ? for a list of commands and other information.
Found 17 gold pieces and 14 arrows.
Found a staircase leading out of the dungeon.
You aren't carrying anything.
Unknown command.
Unknown command.
You now have 9 gold pieces.
You now have 17 gold pieces (gained 8).
a - 14 arrows A frilled lizard comes into view.
The frilled lizard hisses angrily.
You closely miss the frilled lizard. Your grab misses the frilled lizard.
You tentacle-slap the frilled lizard.
You kill the frilled lizard!
No target in view!
No target in view!
A frilled lizard comes into view.
The frilled lizard hisses angrily.
Found two stone staircases leading down.
A bat and 2 kobolds come into view.
The kobold shouts!
The frilled lizard bites you. 😕 HP[-3]
You take 3 damage, and now have 10/13 hp.
MASSIVE DAMAGE!! (PAUSE) 😕 HP[+1]
You tentacle-slap the frilled lizard.
You kill the frilled lizard!
You tentacle-slap the kobold.
You kill the kobold!
You see here a +0 dagger {short}.
A dart slug comes into view.
The kobold hits you with a +0 whip.
You see here a frilled lizard corpse. 😮 HP[-3]
You take 3 damage, and now have 8/13 hp.
MASSIVE DAMAGE!! (PAUSE)
You tentacle-slap the kobold but do no damage.
You grab the kobold. You squeeze the kobold.
You constrict the kobold, but do no damage.
The kobold barely misses you.
You tentacle-slap the kobold.
You kill the kobold!
The bat barely misses you.
Things that are here:
a +0 whip {mace}; a kobold corpse You tentacle-slap the bat but do no damage.
You grab the bat.
You constrict the bat, but do no damage.
The bat hits you.
The bat escapes! 😮 HP[-1]
You take 1 damage, and now have 7/13 hp.
The bat closely misses you. The dart slug launches a dart at you.
The slug dart hits you.
* * * LOW HITPOINT WARNING * * *
😨 HP[-3]
You take 3 damage, and now have 4/13 hp.
MASSIVE DAMAGE!! (PAUSE)
The bat completely misses you.
You tentacle-slap the dart slug. You grab the dart slug.
You constrict the dart slug. The bat closely misses you.
The dart slug launches a dart at you. The slug dart hits you.
* * * LOW HITPOINT WARNING * * *
😱 HP[-1]
You take 1 damage, and now have 3/13 hp.
You tentacle-slap the dart slug. You constrict the dart slug. The bat hits you.
* * * LOW HITPOINT WARNING * * *
The dart slug misses you. 😱 HP[-1]
You take 1 damage, and now have 2/13 hp.
Unknown command.
Casting: Beastly Appendage (safe; 10% risk of failure)
Confirm with . or Enter, or press ? or * to list all spells.
You miscast Beastly Appendage.
You are very lightly contaminated with residual magic.
Nothing appears to happen.
You constrict the dart slug. The bat completely misses you.
The dart slug launches a dart at you. The slug dart hits you.
You die...

Action                   || total
-------------------------++-------
Melee: Unarmed           ||     9
       Constrict         ||     3
       Tentacles         ||     1
Dodge: Dodged            ||     7

Levels and vault maps discovered:
D:1:      psy_arrival_heroes, layout_rooms, shapermc_ecumenical_altar_gd,
          supply_closet_lemuel

Notes
Turn   | Place    | Note
-------+----------+-------------------------------------------
     0 | D:1      | Sobieck the Octopode Transmuter began the quest for the
                  | Orb.
     0 | D:1      | Reached XP level 1. HP: 13/13 MP: 3/3
     0 | D:1      | magus.rc [v1.9.6]
    86 | D:1      | HP: 3/13 [dart slug/slug dart (1)]
    88 | D:1      | Killed from afar by a dart slug

Vanquished Creatures
  2 kobolds (D:1)
  2 frilled lizards (D:1)
4 creatures vanquished.

Table legend:
 A = Non-vault XP
 B = Vault XP
 C = Vault XP percentage of total XP
 D = Non-vault monster count
 E = Vault monster count
 F = Vault count percentage of total count
                 A         B        C        D         E       F
            +---------+---------+-------+---------+---------+-------
      Total |       5 |       0 |   0.0 |       4 |       0 |   0.0
            +---------+---------+-------+---------+---------+-------
        D:1 |       5 |       0 |   0.0 |       4 |       0 |   0.0
            +---------+---------+-------+---------+---------+-------

Illustrated notes

Table legend:
 A = Kills in this place as a percentage of kills in entire the game.
 B = Kills by you in this place as a percentage of kills by you in the entire game.
 C = Kills by friends in this place as a percentage of kills by friends in the entire game.
 D = Other kills in this place as a percentage of other kills in the entire game.
 E = Experience gained in this place as a percentage of experience gained in the entire game.
 F = Experience gained in this place divided by the number of levels of this place that you have seen.
                   A       B       C       D       E      F
               +-------+-------+-------+-------+-------+----------------------
         Total | 100.0 | 100.0 |   N/A |   N/A | 100.0 |   5.0
       Dungeon | 100.0 | 100.0 |   N/A |   N/A | 100.0 |   5.0
               +-------+-------+-------+-------+-------+----------------------

Table legend: (Time is in decaauts)
 A = Elapsed time spent in this place.
 B = Non-inter-level travel time spent in this place.
 C = Inter-level travel time spent in this place.
 D = Time resting spent in this place.
 E = Time spent auto-exploring this place.
 F = Levels seen in this place.
 G = Mean time per level.
                   A        B        C        D        E       F      G
               +--------+--------+--------+--------+--------+-----+--------+
         Total |     87 |     87 |      0 |      0 |     64 |   1 |   87.0 |
       Dungeon |     87 |     87 |      0 |      0 |     64 |   1 |   87.0 |
               +--------+--------+--------+--------+--------+-----+--------+

Top non-repeatable levels by time:
     D:1: 87 daAuts
